 Dungeon Crawl Stone Soup version 0.20.1-1-g8b1a95d (webtiles) character file.

3636 troglodite the Protected (level 9, -2/72 HPs)
             Began as a Demonspawn Berserker on Dec 4, 2017.
             Was a High Priest of Trog.
             Killed by divine providence
             ... invoked by an orc priest
              (8 damage)
             ... on level 8 of the Dungeon.
             The game lasted 00:23:09 (9152 turns).

troglodite the Protected (Demonspawn Berserker)     Turns: 9152, Time: 00:23:10

Health: -2/72      AC: 22    Str: 26    XL:     9   Next: 87%
Magic:  18/18      EV: 13    Int: 10    God:    Trog [*****.]
Gold:   302        SH:  0    Dex: 15    Spells: 8/8 levels left

rFire    x . .     SeeInvis .   u - +0 dagger (flame)
rCold    . . .     Gourm    .   (no shield)
rNeg     . . .     Faith    .   z - +1 scale mail "Paupe Pate" {rF- rCorr MP+9 Str+4}
rPois    .         Spirit   .   g - +0 helmet
rElec    .         Reflect  .   J - +1 cloak of Ilizam {Str+3}
rCorr    +         Harm     .   (no gloves)
MR       .....                  (no boots)
Stlth    +.........             (no amulet)
Regen    0.3/turn               k - +2 ring of strength
MPRegen  0.2/turn               F - ring of flight

@: about to teleport, sanguine armour, berserk cooldown
A: talons 1, demonic guardian 1, sanguine armour 2
a: Berserk, Trog's Hand, Brothers in Arms, Burn Spellbooks, Renounce Religion,
Evoke Flight


You were on level 8 of the Dungeon.
You worshipped Trog.
Trog was extremely pleased with you.
You were not hungry.

You visited 1 branch of the dungeon, and saw 9 of its levels.

You collected 302 gold pieces.

Inventory:

Hand Weapons
 a - a +0 falchion
 u - a +0 dagger of flaming (weapon)
Armour
 g - a +0 helmet (worn)
 z - the +1 scale mail "Paupe Pate" (worn) {rF- rCorr MP+9 Str+4}
   (You found it on level 5 of the Dungeon)

   It affects your strength (+4).
   It makes you vulnerable to fire.
   It affects your magic capacity (+9).
   It protects you from acid and corrosion.
 C - the +1 ring mail of Lautzot {Str+5}
   (You found it on level 5 of the Dungeon)

   It affects your strength (+5).
 J - the +1 cloak of Ilizam (worn) {Str+3}
   (You found it on level 8 of the Dungeon)

   It affects your strength (+3).
Jewellery
 k - a +2 ring of strength (left hand)
 F - a ring of flight (right hand)
Wands
 y - a wand of lightning (8/15)
 B - a wand of polymorph (13/24)
Scrolls
 d - 2 scrolls of blinking
 h - 3 scrolls of recharging {unknown}
 m - 4 scrolls of identify {unknown}
 o - 4 scrolls of enchant armour {unknown}
 p - a scroll of fog {unknown}
 r - 2 scrolls of noise {unknown}
 D - a scroll of remove curse
 E - a scroll of fear {unknown}
 H - a scroll of holy word {unknown}
 I - a scroll of enchant weapon {unknown}
 K - a scroll of brand weapon {unknown}
Potions
 e - 5 potions of lignification {unknown}
 f - a potion of berserk rage {unknown}
 i - 3 potions of resistance {unknown}
 j - 2 potions of haste {unknown}
 l - a potion of flight {unknown}
 n - 3 potions of curing {unknown}
 q - 2 potions of mutation {unknown}
 s - a potion of magic {unknown}
 v - a potion of invisibility {unknown}
 x - a potion of degeneration {unknown}
 A - a potion of brilliance {unknown}
 G - 2 potions of might {unknown}
Comestibles
 b - 3 meat rations
 c - 6 bread rations
 w - 2 fruits


   Skills:
 * Level 7.0 Fighting
 + Level 5.2(5.8) Short Blades
 + Level 3.8(5.1) Long Blades
 * Level 8.3 Armour
 * Level 5.4 Dodging
 + Level 2.2 Stealth


You had 8 spell levels left.
You didn't know any spells.

Dungeon Overview and Level Annotations

Branches:
Dungeon (9/15)             Temple (0/1) D:4            Lair (0/6) D:8
    Orc: D:9-12

Altars:
Ashenzari
Cheibriados
Elyvilon
Kikubaaqudgha
Nemelex Xobeh
Qazlal
Sif Muna
Xom
Yredelemnul

Annotations:
D:9 exclusion: oklob plant


Innate Abilities, Weirdness & Mutations

You have sharp toenails.
A weak demonic guardian rushes to your aid.
When seriously injured, your bleeding wounds create thick armour. (AC +9)


Message History

You climb upwards.
Your summoned ally is left behind.
The killer bee stings you but does no damage.
The killer bee closely misses you.
The orc priest invokes the aid of Beogh against you.
Beogh smites you! The killer bee closely misses you.
There is a stone staircase leading down here.
The killer bee stings you but does no damage.
The orc priest calls down the wrath of Beogh upon you.
Beogh smites you!
* * * LOW HITPOINT WARNING * * *
The wolf bites you.
* * * LOW HITPOINT WARNING * * *
The killer bee stings you.
* * * LOW HITPOINT WARNING * * *
As you read the scroll of teleportation, it crumbles to dust.
You feel strangely unstable. The killer bee barely misses you.
The wolf bites you but does no damage.
The orc priest mumbles some strange prayers to Beogh against you.
Beogh smites you!
You die...

#. #.##.#
#.....## #
#..#.#
#####.......
##.#.#
#...##......
#.#.#
#.#.##......
#.#.#
#.#.###.....
#...# #.#.#
#.....
##.o#####.#.#
#.....
#yh##....#.#
#.....
##@##.##.#.#
#.....
####.####.#
#.....
#######§...§##.#
###.##
#.....#.....##.#
#.#
#.##.(..._.....#
#.#
#.##.##.....####
#.#
#.##.##§...§#
#.#
#.##.####.####
#.#
#.##.#.##..#.#
#.#


You could see a wolf, a killer bee and an orc priest.

Vanquished Creatures
  The ghost of ak87 the Transmogrifier, a novice DgTm (D:7)
  A komodo dragon (D:8)
  A hippogriff (D:7)
  A water moccasin (D:6)
  4 orc warriors
  A black bear (D:7)
  A phantom (D:6)
  2 sky beasts
  2 ogres (D:8)
  2 centaurs
  2 bullfrogs (D:6)
  A wyvern zombie (D:6)
  A gnoll sergeant (D:4)
  5 scorpions
  4 killer bees (D:8)
  2 howler monkeys (D:7)
  A centaur zombie (D:7)
  A crimson imp (D:4)
  2 jellies
  2 hounds
  A bullfrog skeleton (D:5)
  3 orc priests
  A centaur skeleton (D:6)
  2 iguanas
  5 worker ants
  A howler monkey zombie (D:7)
  10 gnolls
  13 adders
  A shadow imp (D:6)
  An ooze (D:1)
  2 worms (D:3)
  2 dart slugs (D:1)
  5 leopard geckos
  23 orcs
  9 bats
  2 giant cockroaches
  7 goblins
  13 hobgoblins
  9 jackals
  8 quokkas
  A ball python (D:1)
  A ball python zombie (D:5)
  4 frilled lizards
  6 kobolds
  A quokka zombie (D:5)
  4 rats
172 creatures vanquished.

Vanquished Creatures (collateral kills)
  A phantom (D:4)
  2 howler monkeys
  An orc priest (D:5)
  An orc wizard (D:5)
  A worker ant (D:5)
  A shadow imp (D:7)
  An ooze (D:5)
  2 orcs
  A jackal (D:7)
11 creatures vanquished.

Vanquished Creatures (others)
  37 plants (D:8)
37 creatures vanquished.

Grand Total: 220 creatures vanquished

Notes
Turn   | Place    | Note
-------+----------+-------------------------------------------
     0 | D:1      | troglodite the Demonspawn Berserker began the quest for the Orb.
     0 | D:1      | Reached XP level 1. HP: 18/18 MP: 1/1
   194 | D:1      | Gained mutation: You have sharp toenails. [demonic ancestry]
   194 | D:1      | Reached XP level 2. HP: 21/24 MP: 2/2
   531 | D:1      | Reached ** piety under Trog
   641 | D:1      | Reached XP level 3. HP: 27/29 MP: 3/3
   796 | D:1      | Reached skill level 2 in Armour
  1010 | D:2      | Gained mutation: When seriously injured, your bleeding wounds create armour. (AC +9) [demonic ancestry]
  1010 | D:2      | Reached XP level 4. HP: 21/37 MP: 4/4
  1345 | D:2      | Found a sparkling altar of Nemelex Xobeh.
  1841 | D:3      | Reached XP level 5. HP: 42/42 MP: 5/5
  2114 | D:3      | Reached skill level 3 in Armour
  2725 | D:3      | Reached *** piety under Trog
  3074 | D:3      | You fall through a shaft for 3 floors!
  3081 | D:6      | Reached skill level 1 in Short Blades
  3081 | D:6      | Gained mutation: A weak demonic guardian rushes to your aid. [demonic ancestry]
  3081 | D:6      | Reached XP level 6. HP: 46/48 MP: 6/6
  3098 | D:6      | Found an ancient bone altar of Kikubaaqudgha.
  3250 | D:5      | Entered Level 5 of the Dungeon
  3412 | D:4      | Found a staircase to the Ecumenical Temple.
  3440 | D:4      | Reached skill level 4 in Armour
  4210 | D:4      | Reached XP level 7. HP: 48/55 MP: 7/7
  4220 | D:4      | Reached skill level 1 in Stealth
  4518 | D:4      | Found a shimmering altar of Xom.
  4650 | D:4      | Found a shattered altar of Ashenzari.
  4650 | D:4      | Found a faded altar of an unknown god.
  4655 | D:4      | Found a sparkling altar of Nemelex Xobeh.
  4657 | D:4      | Found a faded altar of an unknown god.
  4659 | D:4      | Found a deep blue altar of Sif Muna.
  5103 | D:5      | Got a heavily runed ring mail
  5114 | D:5      | Identified the +1 ring mail of Lautzot {Str+5} (You found it on level 5 of the Dungeon)
  5148 | D:5      | Reached skill level 5 in Armour
  5252 | D:5      | Reached skill level 5 in Fighting
  5324 | D:5      | Got a bloodstained scale mail
  5393 | D:5      | Identified the +1 scale mail "Paupe Pate" {rF- rCorr MP+9 Str+4} (You found it on level 5 of the Dungeon)
  5620 | D:5      | Reached **** piety under Trog
  5620 | D:5      | Gained mutation: When seriously injured, your bleeding wounds create thick armour. (AC +9) [demonic ancestry]
  5620 | D:5      | Reached XP level 8. HP: 31/62 MP: 8/8
  6230 | D:6      | Reached skill level 6 in Armour
  6934 | D:7      | Noticed ak87's ghost (novice DgTm)
  6947 | D:7      | Killed ak87's ghost
  6947 | D:7      | Reached skill level 7 in Armour
  6947 | D:7      | Reached XP level 9. HP: 69/69 MP: 9/9
  7433 | D:7      | Found a white marble altar of Elyvilon.
  7433 | D:7      | Found a basalt altar of Yredelemnul.
  7434 | D:7      | Found a snail-covered altar of Cheibriados.
  7446 | D:7      | Reached skill level 5 in Dodging
  8162 | D:7      | Reached ***** piety under Trog
  8274 | D:8      | Got a crude cloak
  8280 | D:8      | Identified the +1 cloak of Ilizam {Str+3} (You found it on level 8 of the Dungeon)
  8338 | D:8      | Reached skill level 8 in Armour
  8380 | D:8      | Found a staircase to the Lair.
  8380 | D:8      | Noticed a komodo dragon
  8418 | D:8      | Killed a komodo dragon
  8418 | D:8      | Reached skill level 5 in Short Blades
  8968 | D:8      | Found a stormy altar of Qazlal.
  9148 | D:9      | Found a shimmering altar of Xom.
  9148 | D:9      | Noticed an oklob plant
  9152 | D:8      | Killed from afar by an orc priest

Skill      XL: |  1  2  3  4  5  6  7  8  9 |
---------------+----------------------------+-----
Long Blades    | 3 |  3.8
Dodging        | 2 3 4 5 |  5.4
Armour         | 2 3 4 5 7 8 |  8.3
Fighting       | 4 5 6 7 |  7.0
Short Blades   | 1 2 3 5 |  5.2
Stealth        | 1 2 |  2.2

Action                   |  1- 3 |  4- 6 |  7- 9 || total
-------------------------+-------+-------+-------++-------
Melee: Falchion          |    56 |    41 |       ||    97
       Kick              |    16 |    62 |   180 ||   258
       Dagger            |       |   178 |   438 ||   616
Invok: Berserk           |     2 |     3 |    14 ||    19
       Burn Spellbooks   |       |     1 |       ||     1
  Use: Scroll            |       |     4 |     3 ||     7
 Stab: Sleeping          |     1 |       |       ||     1
       Distracted        |       |     1 |     3 ||     4
       Invisible         |       |       |     1 ||     1
  Eat: Chunk             |     1 |     9 |    23 ||    33
       Meat ration       |       |     1 |     2 ||     3
Armor: Animal skin       |     9 |       |       ||     9
       Ring mail         |    16 |    81 |    39 ||   136
       Scale mail        |       |       |   126 ||   126
Dodge: Dodged            |    47 |   130 |   272 ||   449
       Rpst.: Falchion   |    15 |    11 |       ||    26
